 Dungeon Crawl Stone Soup version 0.21.1-35-gfefc1aa2bb (webtiles) character file.

828 Lavandula the Magician (level 7, 0/52 HPs)
             Began as a Barachi Earth Elementalist on July 31, 2018.
             Was a Believer of Makhleb.
             Killed by triggering a spear trap (3 damage)
             ... in an ossuary.
             The game lasted 00:20:24 (2637 turns).

Lavandula the Magician (Barachi Earth Elementalist) Turns: 2637, Time: 00:20:24

Health: 0/52       AC:  5    Str:  9      XL:     7   Next: 97%
Magic:  4/16       EV: 13    Int: 18      God:    Makhleb [**....]
Gold:   188        SH:  0    Dex: 11 (12) Spells: 2/18 levels left

rFire    . . .     SeeInvis .   u - +1 falchion
rCold    . . .     Gourm    .   (no shield)
rNeg     . . .     Faith    .   c - +0 robe
rPois    .         Spirit   .   (no helmet)
rElec    .         Reflect  .   (no cloak)
rCorr    .         Harm     .   (no gloves)
MR       +....                  y - +2 pair of boots
Stlth    ++........             (no amulet)
HPRegen  0.17/turn              l - ring of protection from magic
MPRegen  0.15/turn              (no ring)

@: can't hop, slow
A: +LOS, swims, slowness 1, strong legs 1
a: Hop, Minor Destruction, Renounce Religion


You were in an ossuary.
You worshipped Makhleb.
Makhleb was pleased with you.
You were not hungry.

You visited 1 branch of the dungeon, and saw 6 of its levels.
You also visited: Sewer and Ossuary.

You collected 188 gold pieces.

Inventory:

Hand Weapons
 g - a +0 short sword
 h - a +0 spear
 u - a +1 falchion (weapon)
 v - a +0 war axe
Missiles
 p - 7 tomahawks (quivered)
Armour
 c - a +0 robe (worn)
 i - a +0 ring mail
 m - a +0 buckler
 o - a +0 scale mail
 y - a +2 pair of boots (worn)
Jewellery
 l - a ring of protection from magic (left hand)
Scrolls
 a - 2 scrolls of magic mapping
 b - 2 scrolls of fear
 j - a scroll of fog
 k - 2 scrolls of enchant armour
 s - 2 scrolls of remove curse
Potions
 r - 2 potions of flight
 t - 2 potions of degeneration
 x - a potion of lignification
Books
 e - a book of Geomancy

   Spells                             Type                      Level
   a - Sandblast                      Earth                        1
   b - Passwall                       Transmutation/Earth          2
   c - Stone Arrow                    Conjuration/Earth            3
   d - Petrify                        Transmutation/Earth          4
   e - Lee's Rapid Deconstruction     Earth                        5
 q - a book of Changes

   Spells                             Type                      Level
   a - Beastly Appendage              Transmutation                1
   b - Sticks to Snakes               Transmutation                2
   c - Spider Form                    Transmutation/Poison         3
   d - Ice Form                       Ice/Transmutation            4
   e - Blade Hands                    Transmutation                5
Comestibles
 d - 4 rations
 z - 2 chunks of flesh


   Skills:
 + Level 3.0 Fighting
 - Level 3.0 Long Blades
 - Level 3.0 Dodging
 - Level 1.7 Stealth
 - Level 6.1 Spellcasting
 - Level 1.1 Transmutations
 - Level 5.5 Earth Magic


You had 2 spell levels left.
You knew the following spells:

 Your Spells              Type           Power        Failure   Level  Hunger
a - Sandblast             Erth           ####..       1%          1    None
b - Stone Arrow           Conj/Erth      ###...       12%         3    ##.....
c - Petrify               Tmut/Erth      ###.....     30%         4    ####...
d - Lee's Rapid Deconstr  Erth           ####......   32%         5    #####..
e - Spider Form           Tmut/Pois      #.........   28%         3    ##.....


Dungeon Overview and Level Annotations

Branches:
Dungeon (6/15)
 Temple: D:4-7

Altars:
Makhleb
Okawaru
Xom
Yredelemnul


Innate Abilities, Weirdness & Mutations

Shadows flee at your approach. (+LOS)
You can swim through water.
You cover ground slowly.
You can hop short distances.


Message History

Unknown command.
As you read the scroll of teleportation, it crumbles to dust.
You feel strangely unstable.
Unknown command.
Your surroundings suddenly seem different.
Found a gate leading back out of this place.
You aren't carrying any items that you can evoke without wielding.
Unknown command.
Okay, then.
Unknown command.
Okay, then.
As you read the scroll labeled ZIGANA JEXOSET, it crumbles to dust.
The scroll dissolves into smoke.
It was a scroll of fog.
You found a spear trap! x2
As you read the scroll labeled GYKUSCH BAIDIPS, it crumbles to dust.
You hear a loud clanging noise!
It was a scroll of noise.
Okay, then.
A spear shoots out and hits you!
You die...

#..##....Z.....∩.....
#..#.....ZZZ.........
#....................
#.....##Z............
#.....##Z............
#.§.§................
#^§§§§M..............
####§§§§.....#####...
#$$#@§§......... .
#$$+§§§§.......∩. ##
##############


You could see a mummy.

Vanquished Creatures
  A big kobold (D:5)
  Blork the orc (D:5)
  A scorpion (D:5)
  A howler monkey (D:4)
  A crimson imp (D:5)
  A quasit (D:5)
  A bullfrog zombie (D:5)
  2 hounds
  2 centaur skeletons
  An orc priest (D:4)
  2 iguanas
  4 worker ants
  9 adders
  A gnoll (D:1)
  A river rat (D:5)
  2 shadow imps
  A worm (D:2)
  4 dart slugs
  2 leopard geckos
  3 orcs
  4 ball pythons (D:5)
  12 bats
  3 giant cockroaches
  4 goblins
  14 hobgoblins
  3 jackals (D:2)
  11 kobolds
  A quokka (D:3)
  13 frilled lizards
  A jackal zombie (Ossuary)
  8 rats
  A rat zombie (Ossuary)
116 creatures vanquished.

Notes
Turn   | Place    | Note
-------+----------+-------------------------------------------
     0 | D:1      | Lavandula the Barachi Earth Elementalist began the quest for the Orb.
     0 | D:1      | Reached XP level 1. HP: 13/13 MP: 3/3
   174 | D:1      | Reached XP level 2. HP: 13/19 MP: 0/5
   229 | D:1      | Reached skill level 3 in Spellcasting
   316 | D:1      | Reached XP level 3. HP: 24/24 MP: 4/8
   481 | D:2      | Found a basalt altar of Yredelemnul.
   482 | D:2      | Found a burning altar of Makhleb.
   507 | D:2      | Found an iron altar of Okawaru.
   514 | D:2      | Reached skill level 4 in Spellcasting
   539 | D:2      | Learned a level 3 spell: Stone Arrow
   652 | D:2      | Reached XP level 4. HP: 23/30 MP: 5/10
   668 | D:2      | Learned a level 4 spell: Petrify
   765 | D:2      | Became a worshipper of Makhleb the Destroyer
  1059 | D:3      | Reached skill level 5 in Spellcasting
  1125 | D:3      | Reached * piety under Makhleb
  1186 | D:2      | Reached XP level 5. HP: 35/35 MP: 8/12
  1305 | D:4      | Found a shimmering altar of Xom.
  1323 | D:4      | Learned a level 5 spell: Lee's Rapid Deconstruction
  1357 | D:4      | Reached skill level 6 in Spellcasting
  1357 | D:4      | Reached XP level 6. HP: 26/41 MP: 3/15
  1431 | D:5      | Entered Level 5 of the Dungeon
  1624 | D:5      | Noticed Blork the orc
  1657 | D:5      | Reached skill level 5 in Earth Magic
  1657 | D:5      | Reached XP level 7. HP: 23/46 MP: 2/16
  1761 | D:5      | Killed Blork the orc
  1848 | D:5      | Reached ** piety under Makhleb
  1905 | D:5      | Found a glowing drain.
  1916 | Sewer    | Entered a sewer
  1932 | Sewer    | Learned a level 3 spell: Spider Form
  1992 | Sewer    | Noticed Purgy
  2201 | Sewer    | Reached skill level 1 in Fighting
  2569 | D:6      | Found a sand-covered staircase.
  2597 | Ossuary  | Entered an ossuary
  2625 | Ossuary  | HP: 1/52 [big kobold zombie (2)]
  2637 | Ossuary  | Killed by triggering a spear trap

Skill      XL: |  1  2  3  4  5  6  7 |
---------------+----------------------+-----
Spellcasting   | 3 4 5 6 |  6.1
Earth Magic    | 5 |  5.5
Long Blades    | 3 |  3.0
Fighting       | 3 |  3.0
Dodging        | 3 |  3.0
Stealth        | |  1.7
Transmutations | |  1.1

Action                   |  1- 3 |  4- 6 |  7- 9 || total
-------------------------+-------+-------+-------++-------
Melee: Unarmed           |    11 |       |       ||    11
       Spear             |    43 |    55 |       ||    98
       Short sword       |     1 |       |       ||     1
       Falchion          |       |    11 |   132 ||   143
Throw: Tomahawk          |       |       |     3 ||     3
 Cast: Sandblast         |    43 |    64 |       ||   107
       Stone Arrow       |       |     9 |    38 ||    47
       Petrify           |       |       |     7 ||     7
 Abil: Hop               |     1 |     3 |     3 ||     7
  Use: Potion            |       |     2 |     2 ||     4
       Scroll            |       |     1 |     9 ||    10
 Stab: Sleeping          |     4 |     1 |       ||     5
       Petrified         |       |       |    20 ||    20
  Eat: Chunk             |       |     3 |     4 ||     7
       Ration            |       |       |     1 ||     1
Armor: Robe              |    28 |    33 |    50 ||   111
       Skin              |       |       |   105 ||   105
Dodge: Dodged            |    40 |    90 |   100 ||   230
       Rpst.: Falchion   |       |     9 |    31 ||    40
